 Dungeon Crawl Stone Soup version 0.23.2-1-ga50397a6bc (webtiles) character file.

Game seed: 8951590717019673924

229 KamiKatze the Skirmisher (level 6, 0/39 HPs)
             Began as a Gargoyle Berserker on May 25, 2019.
             Was a Priest of Trog.
             Slain by an adder (3 damage)
             ... on level 3 of the Dungeon.
             The game lasted 00:13:16 (2855 turns).

KamiKatze the Skirmisher (Gargoyle Berserker)       Turns: 2855, Time: 00:13:17

Health: 0/39       AC: 11    Str: 23    XL:     6   Next: 3%
Magic:  6/6        EV: 11    Int:  7    God:    Trog [***...]
Gold:   143        SH:  0    Dex:  9    Spells: 5/5 levels left

rFire    . . .     SeeInvis .   a - +0 hand axe
rCold    . . .     Gourm    .   (no shield)
rNeg     + . .     Faith    .   u - +0 ring mail
rPois    ∞         Spirit   .   (no helmet)
rElec    +         Reflect  .   (no cloak)
rCorr    .         Harm     .   (no gloves)
MR       ++...                  k - +0 pair of boots
Stlth    ++........             (no amulet)
HPRegen  1.13/turn              h - ring of stealth
MPRegen  0.10/turn              s - ring of stealth

@: regenerating
A: negative energy resistance 1, electricity resistance, unbreathing,
petrification resistance, rot immunity, AC +4
a: Berserk, Trog's Hand, Renounce Religion


You were on level 3 of the Dungeon.
You worshipped Trog.
Trog was most pleased with you.
You were hungry.

You visited 1 branch of the dungeon, and saw 4 of its levels.

You collected 143 gold pieces.

Inventory:

Hand Weapons
 a - a +0 hand axe (weapon)
 i - a +0 whip of venom
 q - a +0 blowgun
Missiles
 e - 116 stones (quivered)
 v - 6 javelins
 y - 4 poisoned needles
Armour
 j - a +0 chain mail
 k - a +0 pair of boots (worn)
 u - a +0 ring mail (worn)
Jewellery
 f - an uncursed amulet of rage
 h - a ring of stealth (left hand)
 s - a ring of stealth (right hand)
 A - an uncursed ring of flight
Wands
 B - a wand of iceblast (5)
Scrolls
 l - a scroll of enchant armour {unknown}
 m - 3 scrolls of blinking {unknown}
 o - 2 scrolls of remove curse {unknown}
 r - a scroll of magic mapping {unknown}
 t - a scroll of teleportation {unknown}
 x - a scroll of fear {unknown}
 z - a scroll of noise {unknown}
Potions
 b - 2 potions of agility {unknown}
 g - a potion of resistance {unknown}
 n - 3 potions of curing
 p - a potion of magic {unknown}
 w - a potion of heal wounds {unknown}
Comestibles
 c - 6 rations
 d - 13 chunks of flesh


   Skills:
 + Level 4.3 Fighting
 * Level 4.1 Axes
 + Level 3.4 Armour
 + Level 2.5 Dodging
 + Level 0.8 Evocations


You had 5 spell levels left.
You didn't know any spells.
Your spell library was empty.

Dungeon Overview and Level Annotations

Branches:
Dungeon (4/15)
 Temple: D:4-7

Altars:
Gozag
Qazlal
Ru
Vehumet
The Shining One


Innate Abilities, Weirdness & Mutations

You are resistant to torment.
Your stone body is resilient. (AC +4)
You are immune to poison.
You resist negative energy. (rN+)
You are resistant to electric shocks. (rElec)
You can survive without breathing.
You are immune to petrification.
You are immune to rotting.


Message History

The adder bites you.
* * * LOW HITPOINT WARNING * * *
The adder bites you.
* * * LOW HITPOINT WARNING * * *
The adder closely misses you.
There is an escape hatch in the floor here.
The adder barely misses you. The adder bites you but does no damage.
There is a stone staircase leading up here.
The adder bites you but does no damage. The adder bites you.
* * * LOW HITPOINT WARNING * * *
The adder barely misses you.
You climb upwards.
There is a stone staircase leading down here.
Unknown command.
Your skin crawls.
You feel resistant to hostile enchantments.
You feel somewhat more hungry. The adder bites you but does no damage.
The adder bites you.
You die...

.# ########## .# #........#
.### #.######.# ...## #.# #.#
.#).# #.# #.# .##.#
#######.######.# .##.#
#............#.#
.##.##########.####..###.##.#
...............S@##.......#.#
.#...#######[#.#S#######..#.#
.#...# #.....#.#..........#
.#.#.## #.....#.#.#####..###
.#.#..####.....#.#.# #..#
.#.#...........#.#.#####..#
...##.###.##+#.#..........#
.#......#.##.#...#.#####.##
...#.#..#.##.###.#.# #.#


You could see 2 adders.

Vanquished Creatures
  A worker ant (D:4)
  A hound skeleton (D:4)
  4 gnolls (D:4)
  4 adders
  2 oozes
  2 worms (D:2)
  3 dart slugs
  4 leopard geckos
  7 orcs
  12 bats
  5 giant cockroaches
  8 goblins
  6 hobgoblins
  6 jackals
  A quokka (D:2)
  A ball python (D:3)
  6 frilled lizards
  10 kobolds
  9 rats
92 creatures vanquished.

Notes
Turn   | Place    | Note
-------+----------+-------------------------------------------
     0 | D:1      | KamiKatze the Gargoyle Berserker began the quest for the
                  | Orb.
     0 | D:1      | Reached XP level 1. HP: 14/14 MP: 1/1
    48 | D:1      | Reached XP level 2. HP: 17/19 MP: 2/2
   101 | D:1      | Found a glowing golden altar of the Shining One.
   563 | D:1      | Reached XP level 3. HP: 13/23 MP: 3/3
   620 | D:1      | Reached ** piety under Trog
  1318 | D:2      | Reached XP level 4. HP: 12/29 MP: 4/4
  2097 | D:3      | Reached *** piety under Trog
  2246 | D:3      | Found a stormy altar of Qazlal.
  2267 | D:3      | Found a radiant altar of Vehumet.
  2267 | D:3      | Found a sacrificial altar of Ru.
  2268 | D:3      | Found an opulent altar of Gozag.
  2283 | D:3      | Reached XP level 5. HP: 29/33 MP: 5/5
  2813 | D:4      | Reached XP level 6. HP: 12/38 MP: 6/6
  2855 | D:3      | Slain by an adder

Skill      XL: |  1  2  3  4  5 |
---------------+----------------+-----
Axes           | 3 4 |  4.1
Dodging        | 2 |  2.5
Armour         | 3 |  3.4
Fighting       | 4 |  4.3
Evocations     | |  0.8

Action                   |  1- 3 |  4- 6 || total
-------------------------+-------+-------++-------
Melee: Hand axe          |   141 |   182 ||   323
Throw: Stone             |     6 |     9 ||    15
Invok: Trog's Hand       |       |     1 ||     1
  Use: Scroll            |       |     3 ||     3
 Stab: Sleeping          |     2 |     5 ||     7
  Eat: Chunk             |     2 |     4 ||     6
Armor: Animal skin       |    61 |    33 ||    94
       Ring mail         |       |    85 ||    85
Dodge: Dodged            |    90 |   183 ||   273
